 Dungeon Crawl Stone Soup version 0.31-a0-43-g46d131a48f (webtiles) character file.

Game seed: 461895748508435252

222531 Drazool the Impassioned (level 18, -1/172 HPs)
             Began as a Demonspawn Gladiator on May 17, 2023.
             Was a High Priest of Uskayaw.
             Slain by a salamander
             ... wielding a +0 glaive
              (12 damage)
             ... on level 4 of the Snake Pit on May 18, 2023.
             The game lasted 02:24:21 (36931 turns).

Drazool the Impassioned (Demonspawn Gladiator)     Turns: 36931, Time: 02:24:21

Health: -1/172     AC: 21    Str: 21    XL:     18   Next: 91%
Magic:  31/31      EV: 20    Int: 10    God:    Uskayaw [*****.]
Gold:   2041       SH:  0    Dex: 16    Spells: 22/25 levels left

rFire   . . .        T - +9 lajatang (speed)
rCold   + . .        (shield currently unavailable)
rNeg    . . .        t - +2 ring mail {rPois}
rPois   +            y - +0 helmet
rElec   .            h - +2 cloak {Stlth+}
rCorr   .            s - +2 pair of gloves
SInv    +            p - +2 pair of boots
Will    +....        Z - amulet of regeneration
Stlth   +++          v - ring of see invisible
HPRegen 5.28/turn    d - ring of protection from cold
MPRegen 0.22/turn

%: repel missiles
@: lethally poisoned (-1 -> -1), studying Axes
A: repulsion field 3, demonic guardian 2, powered by death 3, robust 1, weakness
stinger 1
a: Renounce Religion, Stomp, Line Pass, Grand Finale


You were on level 4 of the Snake Pit.
You worshipped Uskayaw.
Uskayaw was most pleased with you.
You visited 5 branches of the dungeon, and saw 29 of its levels.
You also visited: Bailey and Ice Cave.

You collected 3728 gold pieces.
You spent 1687 gold pieces at shops.


Innate Abilities, Weirdness & Mutations

You are surrounded by a strong repulsion field. (EV +4, RMsl)
A demonic guardian rushes to your aid.
You regenerate a lot of health from kills.
You are robust. (+10% HP)
You have a small tail.


   Skills:
 - Level 18.0 Fighting
 - Level 16.0(17.5) Maces & Flails
 + Level 11.9(15.5) Staves
 - Level 4.0 Throwing
 - Level 10.0 Armour
 - Level 10.0 Dodging
 - Level 5.0 Stealth
 - Level 4.0 Spellcasting
 - Level 4.0 Conjurations
 - Level 4.0 Air Magic
 - Level 4.0 Poison Magic
 - Level 18.0 Invocations
 - Level 8.0 Evocations


You had 22 spell levels left.
You knew the following spells:

 Your Spells              Type           Power      Damage    Failure   Level
m - Mephitic Cloud        Conj/Pois/Air  10%        N/A       22%         3

Your spell library contained the following spells:

 Spells                   Type           Power      Damage    Failure   Level
 Magic Dart               Conj           40%        1d5       7%          1
 Shock                    Conj/Air       40%        1d5       7%          1
 Cigotuvi's Dreadful Rot  Necr/Pois/Air  14%        N/A       19%         2
 Swiftness                Air            10%        N/A       22%         3
 Apportation              Tloc           4%         N/A       36%         1
 Dazzling Flash           Conj/Hex       12%        N/A       43%         3
 Spider Form              Tmut/Pois      6%         N/A       43%         3
 Stone Arrow              Conj/Erth      12%        3d7       43%         3
 Vhi's Electric Charge    Tloc/Air       12%        N/A       43%         3
 Call Imp                 Summ           4%         N/A       50%         2
 Ensorcelled Hibernation  Hex/Ice        4%         N/A       50%         2
 Sublimation of Blood     Necr           2%         N/A       50%         2
 Ignite Poison            Fire/Tmut/Pois 4%         N/A       54%         3
 Airstrike                Air            5%         2d(1-17)  56%         4
 Tukima's Dance           Hex            2%         N/A       73%         3
 Summon Lightning Spire   Summ/Air       6%         N/A       85%         4
 Arcjolt                  Conj/Air       5%         1d15      89%         5
 Anguish                  Hex/Necr       1%         N/A       98%         4
 Animate Armour           Summ/Erth      4%         N/A       98%         4
 Passage of Golubria      Tloc           2%         N/A       98%         4
 Petrify                  Tmut/Erth      2%         N/A       98%         4
 Freezing Cloud           Conj/Ice/Air   3%         6-21      98%         5
 Alistair's Intoxication  Tmut/Pois      4%         N/A       99%         5
 Irradiate                Conj/Tmut      3%         3d12      99%         5
 Silence                  Hex/Air        3%         N/A       99%         5
 Agony                    Necr           2%         N/A       100%        5
 Summon Forest            Summ/Tloc      1%         N/A       100%        5
 Yara's Violent Unravell  Hex/Tmut       1%         3d3       100%        5
 Eringya's Noxious Bog    Tmut/Pois      3%         N/A       100%        6
 Storm Form               Tmut/Air       3%         N/A       100%        7
 Summon Hydra             Summ           1%         N/A       100%        7
 Lehudib's Crystal Spear  Conj/Erth      3%         10d2      100%        8
 Maxwell's Capacitive Co  Air            5%         ∞         100%        8

Inventory:

Hand Weapons
 T - a +9 lajatang of speed (weapon)
Missiles
 c - 2 silver javelins
 e - 22 javelins
 m - 39 poisoned darts (quivered)
Armour
 h - a +2 cloak of stealth (worn)
 p - a +2 pair of boots (worn)
 s - a +2 pair of gloves (worn)
 t - a +2 ring mail of poison resistance (worn)
 y - a +0 helmet (worn)
 R - the +6 plate armour of Relativism {Slay+2}
   (You found it in an ice cave)

   Slay:      It affects your accuracy & damage with ranged weapons and melee
   (+2).
Jewellery
 d - a ring of protection from cold (right hand)
 f - a ring of protection from fire
 v - a ring of see invisible (left hand)
 w - an amulet of reflection
 B - the ring "Hutyq" {Will+ AC+4 Str+3}
   (You took it off a white draconian in an ice cave)

   [ring of protection]

   AC:        It affects your AC (+4).
   Str:       It affects your strength (+3).
   Will:      It increases your willpower.
 F - a ring of protection from fire
 L - a ring of flight
 Z - an amulet of regeneration (around neck)
Wands
 J - a wand of charming (15)
 N - a wand of iceblast (21)
 O - a wand of flame (40)
 U - a wand of quicksilver (4)
 X - a wand of polymorph (5)
Scrolls
 j - 8 scrolls of immolation
 k - 2 scrolls of blinking
 n - 2 scrolls of poison
 r - 4 scrolls of enchant weapon
 z - 2 scrolls of brand weapon
 C - 6 scrolls of teleportation {@r2}
 D - 3 scrolls of magic mapping
 E - a scroll of fog
 I - 6 scrolls of fear
 M - 5 scrolls of vulnerability
 P - a scroll of summoning
 Y - a scroll of silence {!r}
Potions
 a - 2 potions of cancellation
 g - 2 potions of might
 l - 8 potions of heal wounds {@q2}
 o - 4 potions of ambrosia
 q - 5 potions of invisibility
 u - 3 potions of magic
 x - 13 potions of curing {@q1}
 A - 5 potions of attraction
 G - 3 potions of resistance
 H - 5 potions of flight
 K - a potion of lignification
 Q - a potion of haste {@q3}
 S - 5 potions of mutation
 V - 6 potions of brilliance
Miscellaneous
 i - a box of beasts
 W - a phial of floods

Dungeon Overview and Level Annotations

Branches:
Dungeon (15/15)            Temple (0/1) D:7            Lair (5/5) D:9
 Shoals (3/4) Lair:3        Snake (4/4) Lair:3        Slime (0/5) Lair:4
    Orc (2/2) D:9             Elf (0/3) Orc:2        Vaults (0/5) D:14
 Depths (0/4) D:15         Bailey (visited)           IceCv (visited)

Altars:
Cheibriados
Dithmenos
Fedhas
Gozag
Kikubaaqudgha
Makhleb
Nemelex Xobeh
Okawaru
Qazlal
Sif Muna
Uskayaw
Vehumet
Wu Jian
Yredelemnul
Jiyva

Shops:
D:8 !   D:9 [*!(?   D:15 (   Orc:2 (=!(   Shoals:1 ![(((   Snake:1 ?
Snake:2 *   Snake:3 (

Annotations:
D:3 1 runed translucent door, exclusions: door and statue, Crazy Yiuf
D:15 3 runed translucent doors
Lair:3 3 runed translucent doors, Pugak's ghost, journeyman DECj; lunkers's ghost, journeyman MeWn

▒▒..........▒▒≈≈≈..▒▒ #.#
▒..)†........▒▒≈≈≈..▒▒ #.#
..).▒▒▒▒▒▒....▒▒≈≈≈..▒▒#.#
..▒▒▒,,,,▒▒▒...▒▒≈≈§÷§▒▒.##
.▒▒,,,,,,,,▒▒...▒▒§§§§.▒..#
▒▒,,~~~~~~,,▒▒...▒§§§§.▒#.#
▒,,~~~~~~~~,,▒..+▒▒▒▒▒'▒#÷#
▒,~~~~~~~~~~,▒▒'▒...▒▒..#.#
,,~~~~~~~~~~,,▒▒@)...▒▒.).#
,~~~~~~~~~~~~,▒.)NN...▒####
,~~~~~~~~~~~~,+.N.....▒
,~~~~~~~~~~~~,▒.3.....▒
,~~~~~~~~~~~~,▒▒..}..▒▒
,,~~~~~~~~~~,,*▒▒...▒▒
*,~~~~~~~~~~,** ▒▒▒▒▒
*,,~~~~~~~,,,*
**,,~~~~~~,,**


You could see a salamander mystic (strong), a salamander (fast, strong), a naga
mage (fast, strong, catching breath, ally target) and a friendly soul eater
(summoned).


Message History

The naga warrior is heavily wounded.
You feel sick.
The salamander hits you but does no damage.
The naga warrior hits you with a +0 mace.
* * * LOW HITPOINT WARNING * * *
The naga warrior grabs you. The naga warrior constricts you.
You can now merge with and destroy a victim.
You completely miss the naga warrior.
The naga warrior is heavily wounded.
You feel sick.
Your soul eater hits the naga warrior!
Your soul eater drains the naga warrior.
The naga mage misses you.
The salamander mystic hits you but does no damage.
The salamander closely misses you.
You slice the naga warrior!!
You kill the naga warrior!
The naga mage hits you from afar with a +0 spear!
* * * LOW HITPOINT WARNING * * *
Unknown command.
The salamander attacks as you move away!
The salamander hits you but does no damage.
You feel sick.
The salamander hits you from afar with a +0 glaive!
* * * LOW HITPOINT WARNING * * *
You are engulfed in flames!
* * * LOW HITPOINT WARNING * * *
The salamander hits you from afar with a +0 glaive.
* * * LOW HITPOINT WARNING * * *
You are engulfed in flames!
You die...

Skill      XL: |  1  2  3  4  5  6  7  8  9 10 11 12 13 14 15 16 17 18 |
---------------+-------------------------------------------------------+-----
Maces & Flails | 3 4 5 6 7 9 10 12 13 14 15 16 | 16.0
Fighting       | 5 7 10 12 15 16 18 | 18.0
Invocations    | 5 10 13 17 18 | 18.0
Throwing       | 4 |  4.0
Armour         | 4 5 7 9 10 | 10.0
Dodging        | 3 4 5 10 | 10.0
Stealth        | 4 5 |  5.0
Conjurations   | 3 4 |  4.0
Air Magic      | 3 4 |  4.0
Poison Magic   | 3 4 |  4.0
Evocations     | 4 8 |  8.0
Spellcasting   | 4 |  4.0
Staves         | 6 9 11 | 11.9

Action                     |  1- 3 |  4- 6 |  7- 9 | 10-12 | 13-15 | 16-18 || total
---------------------------+-------+-------+-------+-------+-------+-------++-------
  Melee: Flail             |    51 |   136 |    32 |    36 |    18 |       ||   273
         Whip              |    84 |       |   319 |   739 |   284 |       ||  1426
         Punch             |       |     1 |     5 |    14 |     5 |       ||    25
         Morningstar       |       |       |    56 |       |       |       ||    56
         Dire flail        |       |       |       |       |   967 |   154 ||  1121
         Lajatang          |       |       |       |       |       |  1413 ||  1413
         Tailslap          |       |       |       |       |       |   106 ||   106
  Throw: Throwing net      |     1 |       |       |     2 |       |       ||     3
         Dart              |     2 |     5 |    29 |   115 |    69 |    24 ||   244
         Javelin           |       |       |       |     2 |       |       ||     2
 Invoke: Line Pass         |       |       |     1 |       |     1 |       ||     2
         Stomp             |       |       |       |       |     2 |     5 ||     7
         Grand Finale      |       |       |       |       |     1 |     1 ||     2
  Evoke: Wand              |       |       |       |    14 |     2 |     7 ||    23
         Box of beasts     |       |       |       |       |       |     1 ||     1
    Use: Scroll            |     4 |     3 |       |    14 |    10 |    18 ||    49
         Potion            |       |       |       |     1 |     2 |     6 ||     9
   Stab: Sleeping          |     3 |     1 |     5 |     3 |    19 |    19 ||    50
         Paralysed         |       |       |     8 |    42 |    69 |   152 ||   271
         Distracted        |       |       |     1 |     1 |    17 |     9 ||    28
         Petrified         |       |       |       |       |     3 |     1 ||     4
         Petrifying        |       |       |       |       |     1 |       ||     1
 Armour: Leather armour    |    33 |    58 |   127 |   139 |       |       ||   357
         Skin              |       |       |       |     8 |       |       ||     8
         Ring mail         |       |       |       |    54 |   269 |   371 ||   694
  Dodge: Dodged            |    60 |    86 |   235 |   482 |   562 |   877 ||  2302
         Repelled          |       |       |       |       |     3 |    42 ||    45
  Block: Other             |       |       |    53 |   162 |   177 |    64 ||   456
         Reflection        |       |       |     1 |     1 |     5 |     3 ||    10

Levels and vault maps discovered:
D:1:      matt_arrival_debris, layout_loops_corners, minmay_hexomino_p4
D:2:      layout_loops_ring, kennysheep_generic_room_12
D:3:      layout_loops_cross, vehumet_statue, mainiacjoe_overflow_alcove_1,
          kennysheep_crisscross, uniq_crazy_yiuf_cottage
D:4:      kennysheep_kobold_camp, layout_rooms, lemuel_round_altar,
          mainiacjoe_overflow_concentric_impassable, led_sif_pool,
          serial_undead, serial_undead_d, serial_undead_f, serial_undead_d,
          serial_undead_c, serial_undead_b, serial_undead_e,
          minmay_tree_intersection
D:5:      layout_rooms, makhleb_heckhound_becter, mainiacjoe_overflow_24_doors,
          nicolae_uskayaw_suspiria, kennysheep_cross_room, uniq_sigmund
D:6:      wad_river_or_something, layout_cave_pools, mainiacjoe_overflow_paths,
          serial_demonic, serial_demonic_e, serial_demonic_a, serial_demonic_g,
          serial_demonic_e, serial_demonic_e, serial_demonic_e, corner_web_ring,
          chequers_mini_garden, uniq_menkaure
D:7:      layout_loops_ring, fedhas_altar_fruit_tree, minmay_temple_entry_mist,
          uniq_duvessa, uniq_joseph
D:8:      layout_loops_cross, zin_angel, marbit_many_paths, serial_shops,
          nicolae_shop_real_fake_doors, kennysheep_generic_room_3, uniq_grum,
          uniq_pikel
D:9:      layout_cave_pools, dpeg_lair_monsters, orc_0_dummy, enter_bailey_4,
          serial_shops, shop_statue, shop, shop_statue, kennysheep_mini, shop
D:10:     layout_irregular_city, lemuel_crystal_altar, okawaru_gym_becter,
          serial_bayou_pond_b, chequers_decorated_corner, minmay_misc_feat_chi,
          uniq_psyche
D:11:     layout_grid_maze, kiku_gazebo_garden_becter
D:12:     layout_gridville
D:13:     layout_rooms, nemelex_xobeh_ov_fountains_minmay, uniq_snorg
D:14:     minmay_wizard_corner, layout_basic, grunt_vaults_entry_tiered,
          uniq_josephine, uniq_frances
D:15:     gammafunk_enter_depths_forms, layout_grid_maze,
          palyth_stone_intersect, ploomutoo_gammafunk_ghost_potion_laboratory,
          nicolae_shop_firing_range
Lair:1:   layout_misc_corridors, basic_altar, grunt_megastairs_1
Lair:2:   layout_long_grid, gammafunk_lair_bear_cave, grunt_megastairs_2,
          infiniplex_staircase_pool_2, lemuel_fruit_tree
Lair:3:   layout_regular_city, elwin_shoals_entry_rocks,
          minmay_snake_entry_guardpost_medium, gammafunk_ghost_cemetery
Lair:4:   layout_small_grid, slime_entry_1, lemuel_fruit_fields,
          lemuel_fruit_fields
Lair:5:   gammafunk_lair_ancient_temple, layout_regular_city, grunt_megastairs_3
Shoals:1: layout_shoals, serial_shops, nicolae_shop_industrial_runoff,
          nicolae_shop_just_a_little_nook, nicolae_shop_hallway_stairs,
          nicolae_shop_overgrown_old_shop, shop,
          nicolae_shoals_spring_well_temple, uniq_kirke
Shoals:2: layout_shoals, hangedman_shoals_cup_caves
Shoals:3: cheibrodos_shoals_gigantism, layout_shoals, uniq_polyphemus
Snake:1:  layout_chambers, serial_shops, shop, serial_bayou_shore_b, uniq_agnes
Snake:2:  layout_basic, serial_shops, shop, nicolae_snake_guarding_the_ruins,
          serial_bayou_shore_b, uniq_azrael
Snake:3:  layout_basic, serial_shops, shop, uniq_mlioglotl, uniq_vashnia,
          uniq_donald
Snake:4:  snake_pit_salamanders_mu, layout_cave_pods,
          portal_ice_cave_entry_frozen_things, serial_bayou_pond_e
Orc:1:    layout_diamond_mine, uniq_erica
Orc:2:    st_orc_open, layout_diamond_mine, minmay_orc_keep

Notes
Turn   | Place    | Note
-------+----------+-------------------------------------------
     0 | D:1      | Drazool the Demonspawn Gladiator began the quest for the
                  | Orb.
     0 | D:1      | Reached XP level 1. HP: 16/16 MP: 1/1
    46 | D:1      | Reached skill level 3 in Maces & Flails
   121 | D:1      | Gained mutation: You regenerate a little health from kills.
                  | [demonic ancestry]
   121 | D:1      | Reached XP level 2. HP: 22/22 MP: 2/2
   351 | D:1      | Reached XP level 3. HP: 23/27 MP: 3/3
   624 | D:1      | Reached skill level 4 in Maces & Flails
  2096 | D:3      | Found a radiant altar of Vehumet.
  2149 | D:3      | Found a basalt altar of Yredelemnul.
  2244 | D:3      | Gained mutation: You are surrounded by a mild repulsion
                  | field. (EV +2) [demonic ancestry]
  2244 | D:3      | Reached XP level 4. HP: 33/33 MP: 4/4
  2609 | D:3      | Noticed a frost-covered statue
  2660 | D:3      | Found a runed translucent door.
  2661 | D:3      | Noticed Crazy Yiuf
  2720 | D:4      | Reached skill level 5 in Maces & Flails
  2765 | D:4      | Reached XP level 5. HP: 36/38 MP: 5/5
  2809 | D:4      | Noticed a phantom
  2850 | D:4      | Noticed a phantom
  2867 | D:3      | Reached skill level 6 in Maces & Flails
  3028 | D:3      | Killed a phantom
  3029 | D:3      | Gained mutation: You regenerate health from kills. [demonic
                  | ancestry]
  3029 | D:3      | Reached XP level 6. HP: 36/44 MP: 6/6
  3260 | D:3      | Reached skill level 7 in Maces & Flails
  3495 | D:4      | Found an ornate altar of the Wu Jian Council.
  3531 | D:4      | Reached XP level 7. HP: 28/50 MP: 7/7
  3704 | D:4      | Reached skill level 8 in Maces & Flails
  4129 | D:4      | Identified the +4 whip of Eternal Harmony {heavy, Int+5
                  | SInv}
  4178 | D:4      | Reached skill level 9 in Maces & Flails
  4178 | D:4      | Gained mutation: You regenerate a lot of health from kills.
                  | [demonic ancestry]
  4178 | D:4      | Reached XP level 8. HP: 56/56 MP: 8/8
  4295 | D:4      | Found a shimmering blue altar of Sif Muna.
  4360 | D:4      | Found an opulent altar of Gozag.
  4518 | D:5      | Entered Level 5 of the Dungeon
  4668 | D:5      | Found a hide-covered altar of Uskayaw.
  4687 | D:5      | Became a worshipper of Uskayaw the Reveller
  4730 | D:5      | Found a burning altar of Makhleb.
  4738 | D:5      | Reached * piety under Uskayaw
  4740 | D:5      | Reached ** piety under Uskayaw
  4746 | D:5      | Reached skill level 10 in Maces & Flails
  4816 | D:5      | Found a stormy altar of Qazlal.
  4834 | D:5      | Reached skill level 3 in Fighting
  4862 | D:5      | Noticed Sigmund
  4875 | D:5      | Killed Sigmund
  4876 | D:5      | Reached skill level 4 in Fighting
  4876 | D:5      | Reached *** piety under Uskayaw
  4878 | D:5      | Reached **** piety under Uskayaw
  5090 | D:5      | Reached skill level 5 in Fighting
  5466 | D:5      | Gained mutation: A weak demonic guardian rushes to your
                  | aid. [demonic ancestry]
  5466 | D:5      | Reached XP level 9. HP: 42/69 MP: 9/9
  5494 | D:6      | Noticed Menkaure
  5511 | D:5      | Killed Menkaure
  5512 | D:5      | Reached skill level 6 in Fighting
  5650 | D:6      | Found an ancient bone altar of Kikubaaqudgha.
  5671 | D:6      | Reached skill level 7 in Fighting
  5671 | D:6      | Reached skill level 1 in Invocations
  5722 | D:6      | Reached skill level 2 in Invocations
  5879 | D:6      | Reached skill level 3 in Invocations
  5951 | D:6      | Reached skill level 4 in Invocations
  6241 | D:6      | Reached skill level 5 in Invocations
  6407 | D:6      | Reached skill level 2 in Throwing
  6487 | D:7      | Found a staircase to the Ecumenical Temple.
  6493 | D:7      | Reached skill level 3 in Throwing
  6685 | D:7      | Noticed Duvessa
  6685 | D:7      | Noticed Dowan
  6693 | D:7      | Killed Duvessa
  6694 | D:7      | Reached skill level 4 in Throwing
  6696 | D:7      | Killed Dowan
  6697 | D:7      | Reached skill level 1 in Armour
  6772 | D:7      | Found a blossoming altar of Fedhas.
  6932 | D:7      | Noticed Joseph
  6950 | D:7      | Killed Joseph
  6951 | D:7      | Reached skill level 3 in Armour
  7072 | D:7      | Reached skill level 4 in Armour
  7081 | D:7      | Reached skill level 3 in Dodging
  7081 | D:7      | Reached XP level 10. HP: 74/79 MP: 13/13
  7505 | D:8      | Reached skill level 4 in Dodging
  7892 | D:8      | Noticed Grum
  7927 | D:8      | Killed Grum
  8009 | D:8      | Found Ugerph's Distillery.
  8012 | D:8      | Bought a potion of mutation for 96 gold pieces
  8012 | D:8      | Bought a potion of resistance for 120 gold pieces
  8040 | D:8      | Noticed an angel
  8170 | D:8      | Noticed Pikel
  8182 | D:8      | Killed Pikel
  8183 | D:8      | Reached skill level 11 in Maces & Flails
  8479 | D:8      | Found a shadowy altar of Dithmenos.
  8524 | D:9      | Noticed a two-headed ogre
  8562 | D:9      | Noticed a death yak
  8562 | D:9      | Noticed a death yak
  8590 | D:9      | Noticed a death yak
  8590 | D:9      | Found a staircase to the Lair.
  8731 | D:9      | Reached ***** piety under Uskayaw
  8732 | D:9      | Found Odits's General Store.
  8741 | D:9      | Bought 2 potions of invisibility for 224 gold pieces
  8741 | D:9      | Found a flagged portal.
  8750 | Bailey   | Entered a bailey
  8874 | Bailey   | Reached skill level 12 in Maces & Flails
  8878 | Bailey   | Upgraded the game from 0.31-a0-40-g1d5085d191 to
                  | 0.31-a0-43-g46d131a48f
  8944 | Bailey   | Reached skill level 1 in Stealth
  9080 | Bailey   | Reached skill level 2 in Stealth
  9102 | Bailey   | Reached skill level 3 in Stealth
  9255 | Bailey   | Reached skill level 4 in Stealth
  9360 | Bailey   | Reached XP level 11. HP: 53/84 MP: 14/14
  9869 | D:9      | Found Mygiom's Antique Weapon Emporium.
  9899 | D:9      | Found Osomm's Distillery.
  9928 | D:8      | Reached skill level 5 in Stealth
 10067 | D:9      | You are sucked into a shaft and drop 2 floors!
 10347 | D:11     | Noticed a boulder beetle
 10369 | D:10     | Entered Level 10 of the Dungeon
 10393 | D:9      | Identified the +6 flail of Okawaru's Esteem {drain, rPois
                  | Dex+3}
 10526 | D:9      | Found Fepsylur's Magic Scroll Shop.
 10534 | D:9      | Bought a scroll of identify for 30 gold pieces
 10632 | D:8      | Killed a death yak
 10633 | D:8      | Reached skill level 8 in Fighting
 10766 | D:8      | Killed a death yak
 10767 | D:8      | Reached skill level 5 in Armour
 10767 | D:8      | Reached skill level 5 in Dodging
 10857 | D:8      | Killed a two-headed ogre
 10858 | D:8      | Reached skill level 9 in Fighting
 10937 | D:9      | Killed a death yak
 10938 | D:9      | Reached skill level 10 in Fighting
 10978 | D:9      | Found a staircase to the Orcish Mines.
 11084 | D:9      | Found Hota's Armour Shop.
 11253 | D:10     | Noticed Psyche
 11271 | D:10     | Killed Psyche
 11354 | D:10     | Found an iron altar of Okawaru.
 11505 | D:10     | Noticed a two-headed ogre
 11698 | D:10     | Found a snail-covered altar of Cheibriados.
 11825 | Lair:1   | Entered Level 1 of the Lair of Beasts
 11847 | Lair:1   | Reached skill level 13 in Maces & Flails
 12197 | Lair:1   | Reached XP level 12. HP: 82/97 MP: 15/15
 12366 | Lair:1   | Found a hide-covered altar of Uskayaw.
 12400 | Lair:1   | Learned a level 3 spell: Mephitic Cloud
 12801 | D:9      | Bought a +2 ring mail of poison resistance for 288 gold
                  | pieces
 12855 | Lair:1   | Reached skill level 14 in Maces & Flails
 13596 | Lair:1   | Reached skill level 1 in Conjurations
 13596 | Lair:1   | Reached skill level 1 in Air Magic
 13596 | Lair:1   | Reached skill level 1 in Poison Magic
 13784 | Lair:2   | Noticed a death yak
 13784 | Lair:2   | Noticed a death yak
 13785 | Lair:2   | Noticed a death yak
 13803 | Lair:2   | Noticed a death yak
 13811 | Lair:2   | Killed a death yak
 13812 | Lair:2   | Reached skill level 2 in Conjurations
 13812 | Lair:2   | Reached skill level 2 in Air Magic
 13812 | Lair:2   | Reached skill level 2 in Poison Magic
 13875 | Lair:2   | Noticed a death yak
 13892 | Lair:1   | Reached skill level 6 in Invocations
 13931 | Lair:2   | Noticed a death yak
 13946 | Lair:1   | Killed a death yak
 14196 | Lair:1   | Killed a death yak
 14334 | Lair:1   | Killed a death yak
 14335 | Lair:1   | Reached skill level 3 in Conjurations
 14335 | Lair:1   | Reached skill level 3 in Air Magic
 14335 | Lair:1   | Reached skill level 3 in Poison Magic
 14482 | Lair:1   | Killed a death yak
 14483 | Lair:1   | Reached skill level 7 in Invocations
 14520 | Lair:1   | Killed a death yak
 14521 | Lair:1   | Reached skill level 8 in Invocations
 14868 | Lair:2   | Reached skill level 9 in Invocations
 14909 | Lair:2   | Identified the +10 short sword of Josokiow {flame, rC+}
 15428 | Lair:3   | Reached skill level 10 in Invocations
 15574 | Lair:3   | Gained mutation: You are surrounded by a moderate repulsion
                  | field. (EV +3) [demonic ancestry]
 15574 | Lair:3   | Reached XP level 13. HP: 94/104 MP: 20/20
 15628 | Lair:3   | Found a staircase to the Snake Pit.
 15685 | Lair:3   | Found a runed translucent gate.
 15686 | Lair:3   | Found a runed translucent gate.
 15687 | Lair:3   | Found a runed translucent gate.
 15690 | Lair:3   | Noticed lunkers's ghost (journeyman MeWn)
 15690 | Lair:3   | Noticed Pugak's ghost (journeyman DECj)
 15817 | Lair:3   | Found a staircase to the Shoals.
 15892 | Lair:3   | Reached skill level 4 in Conjurations
 15892 | Lair:3   | Reached skill level 4 in Poison Magic
 16069 | Lair:3   | Reached skill level 4 in Air Magic
 16562 | Lair:4   | Found a staircase to the Slime Pits.
 16563 | Lair:4   | Found a viscous altar of Jiyva.
 16764 | Lair:4   | Reached skill level 11 in Fighting
 16813 | Lair:4   | Reached skill level 6 in Armour
 17896 | Lair:5   | Entered Level 5 of the Lair of Beasts
 17902 | Lair:5   | Reached skill level 12 in Fighting
 17997 | Lair:5   | Reached skill level 7 in Armour
 18037 | Lair:5   | Reached skill level 1 in Evocations
 18067 | Lair:5   | Reached skill level 2 in Evocations
 18150 | Lair:5   | Identified the +0 leather armour of Sloth {rF+ Will+ Str+2}
 18178 | Lair:5   | Reached skill level 3 in Evocations
 18247 | Lair:5   | Reached skill level 4 in Evocations
 18252 | Lair:5   | Reached skill level 1 in Spellcasting
 18266 | Lair:5   | Reached skill level 2 in Spellcasting
 18344 | Lair:5   | Reached skill level 3 in Spellcasting
 18462 | Lair:5   | Reached skill level 4 in Spellcasting
 18750 | Lair:5   | Found the +7 captain's cutlass {speed, disarm}
 18984 | Lair:5   | Gained mutation: You are surrounded by a strong repulsion
                  | field. (EV +4, RMsl) [demonic ancestry]
 18984 | Lair:5   | Reached XP level 14. HP: 108/116 MP: 20/22
 19203 | Lair:5   | Reached skill level 11 in Invocations
 19237 | Lair:5   | Reached skill level 13 in Fighting
 19963 | D:11     | Found an ancient bone altar of Kikubaaqudgha.
 20252 | D:11     | Identified the +0 war axe "Koluegh" {heavy, rPois}
 21198 | D:12     | Reached skill level 12 in Invocations
 21526 | D:12     | Reached skill level 14 in Fighting
 21780 | Orc:1    | Entered Level 1 of the Orcish Mines
 21780 | Orc:1    | Noticed Erica
 21793 | Orc:1    | Killed Erica
 22277 | Orc:2    | Entered Level 2 of the Orcish Mines
 22350 | Orc:2    | Found Latya's Weapon Shoppe.
 22401 | Orc:2    | Reached ****** piety under Uskayaw
 22415 | Orc:2    | Reached skill level 15 in Maces & Flails
 22437 | Orc:2    | Reached skill level 13 in Invocations
 22457 | Orc:2    | Reached skill level 15 in Fighting
 22489 | Orc:2    | Found Jirghud's Jewellery Shoppe.
 22494 | Orc:2    | Found Plog's Distillery.
 22508 | Orc:2    | Found Zinaurof's Weapon Emporium.
 22600 | Orc:2    | Found a staircase to the Elven Halls.
 23416 | D:13     | Gained mutation: You are robust. (+10% HP) [demonic
                  | ancestry]
 23416 | D:13     | Reached XP level 15. HP: 120/141 MP: 25/25
 23482 | D:13     | Noticed Snorg
 23488 | D:13     | Reached skill level 14 in Invocations
 23494 | D:13     | Killed Snorg
 23680 | D:13     | Identified the +1 robe of the Tormentor {rF- rN++ Dex+3}
 23730 | D:13     | Found a sparkling altar of Nemelex Xobeh.
 24307 | D:14     | Noticed Frances
 24325 | D:14     | Killed Frances
 24497 | D:14     | Reached skill level 15 in Invocations
 24501 | D:14     | Reached skill level 16 in Maces & Flails
 24686 | D:14     | Reached skill level 5 in Evocations
 24732 | D:14     | Noticed Josephine
 24743 | D:14     | Killed Josephine
 24934 | D:14     | Reached skill level 6 in Evocations
 25077 | D:14     | Reached skill level 7 in Evocations
 25270 | D:14     | Reached skill level 8 in Evocations
 25387 | D:14     | Found a gate to the Vaults.
 25481 | D:15     | Entered Level 15 of the Dungeon
 25539 | D:15     | Reached skill level 16 in Invocations
 26230 | D:15     | Found a runed translucent gate.
 26230 | D:15     | Found a runed translucent gate.
 26230 | D:15     | Found a runed translucent gate.
 26458 | D:15     | Reached skill level 17 in Invocations
 26611 | D:15     | Gained mutation: A demonic guardian rushes to your aid.
                  | [demonic ancestry]
 26611 | D:15     | Reached XP level 16. HP: 132/149 MP: 28/28
 26666 | D:15     | Found a staircase to the Depths.
 26923 | D:15     | Found Catihad's Firing Range.
 26938 | D:15     | Identified the +3 robe of the Centipede {+Inv rF+ Int+2}
 27370 | Snake:1  | Entered Level 1 of the Snake Pit
 27601 | Snake:1  | Reached skill level 18 in Invocations
 27746 | Snake:1  | Found Mydoec's Magic Scroll Boutique.
 28145 | Snake:1  | You fall into a shaft and drop 1 floor!
 28374 | Snake:1  | Noticed Agnes
 28389 | Snake:1  | Killed Agnes
 28565 | Snake:1  | Reached skill level 16 in Fighting
 29171 | Snake:2  | Reached skill level 1 in Staves
 29233 | Snake:2  | Reached skill level 2 in Staves
 29275 | Snake:2  | Found Asatempi's Assorted Antiques.
 29401 | Snake:2  | Noticed Azrael
 29774 | Snake:2  | Reached skill level 3 in Staves
 29904 | Snake:2  | Reached skill level 8 in Armour
 30062 | Snake:2  | Reached skill level 4 in Staves
 30100 | Snake:2  | Killed Azrael
 30598 | Snake:1  | Bought a scroll of identify for 22 gold pieces
 30757 | Snake:3  | Reached skill level 5 in Staves
 30782 | Snake:3  | Reached skill level 9 in Armour
 30852 | Snake:3  | Noticed Mlioglotl
 30864 | Snake:3  | Killed Mlioglotl
 30865 | Snake:3  | Reached skill level 6 in Staves
 30951 | Snake:3  | Reached XP level 17. HP: 153/158 MP: 30/30
 31072 | Snake:3  | Identified the +5 short sword of Gloom {heavy, SInv}
 31129 | Snake:3  | Noticed Donald
 31150 | Snake:3  | Killed Donald
 31238 | Snake:3  | Noticed Vashnia
 31256 | Snake:3  | Killed Vashnia
 31257 | Snake:3  | Reached skill level 10 in Armour
 31260 | Snake:3  | Reached skill level 7 in Staves
 31641 | Snake:3  | Found Besaesesm's Antique Weapon Emporium.
 31802 | Shoals:1 | Entered Level 1 of the Shoals
 31802 | Shoals:1 | Found Impegh's Armour Shop.
 31820 | Shoals:1 | Reached skill level 8 in Staves
 31857 | Shoals:1 | Bought the +7 chain mail "Atoskowus" {+Blink rC+} for 907
                  | gold pieces
 32063 | Shoals:1 | Reached skill level 9 in Staves
 32074 | Shoals:1 | Found Zidocay's Weapon Emporium.
 32087 | Shoals:1 | Found Sahoaff's Antique Weapon Shoppe.
 32091 | Shoals:1 | Found Joomm's Antique Weapon Emporium.
 32287 | Shoals:1 | Found Yleoq's Distillery.
 32348 | Shoals:1 | Noticed Kirke
 32362 | Shoals:1 | Killed Kirke
 32514 | Shoals:1 | Identified the +5 quarterstaff of Wu Jian, Blushing {heavy,
                  | *Rage rElec Will+ Str+4}
 32726 | Shoals:1 | Identified the scarf "Tamah" {harm, rF++ Str+3}
 33205 | Shoals:2 | Reached skill level 17 in Fighting
 33850 | Shoals:3 | Noticed Polyphemus
 33879 | Shoals:2 | HP: 16/162 [skyshark (2)]
 34144 | Shoals:3 | Reached skill level 18 in Fighting
 34240 | Shoals:3 | Gained mutation: You have a small tail. [demonic ancestry]
 34240 | Shoals:3 | Reached XP level 18. HP: 164/172 MP: 31/31
 34446 | Shoals:3 | Killed Polyphemus
 34638 | Shoals:3 | Reached skill level 6 in Dodging
 35134 | Snake:4  | Entered Level 4 of the Snake Pit
 35199 | Snake:4  | Reached skill level 7 in Dodging
 35246 | Snake:4  | Reached skill level 8 in Dodging
 35313 | Snake:4  | Reached skill level 9 in Dodging
 35386 | Snake:4  | Found a frozen archway.
 35419 | IceCv    | Entered an ice cave
 35494 | IceCv    | Reached skill level 10 in Dodging
 35637 | IceCv    | Reached skill level 10 in Staves
 35651 | IceCv    | Identified the +6 plate armour of Relativism {Slay+2}
 35800 | IceCv    | Identified the ring "Hutyq" {Will+ AC+4 Str+3}
 35882 | IceCv    | Identified the ring of Balance {Int+4 Dex+6}
 35893 | IceCv    | Identified the ring "Falod" {Contam rCorr MP+9 Str+2
                  | Stlth+}
 35915 | IceCv    | Identified a +2 leather armour of resistance
 36358 | Snake:4  | Reached skill level 11 in Staves
 36931 | Snake:4  | HP: 12/172 [salamander/+0 glaive (13)]
 36931 | Snake:4  | Slain by a salamander

Vanquished Creatures
  Vashnia (Snake:3)
  A titan (Shoals:3)
  Mlioglotl (Snake:3)
  Frances (D:14)
  Polyphemus (Shoals:3)
  Agnes (Snake:1)
  Kirke (Shoals:1)
  An azure jelly (Snake:4)
  4 nagarajas
  Donald (Snake:3)
  A draconian knight (IceCv)
  Azrael (Snake:2)
  3 elemental wellsprings (Shoals:1)
  A stone giant (Shoals:3)
  5 white draconians (IceCv)
  An ettin (Orc:2)
  Josephine (D:14)
  A merfolk impaler (Shoals:1)
  Snorg (D:13)
  A great orb of eyes (D:15)
  A merfolk javelineer (Shoals:2)
  A rakshasa (D:15)
  2 salamander tyrants (Snake:4)
  2 vault guards (D:14)
  5 boulder beetles
  A catoblepas (D:13)
  5 centaur warriors
  2 ogre magi
  16 two-headed ogres
  6 anacondas
  5 hydras
  8 death yaks
  A merfolk avatar (Lair:5)
  Erica (Orc:1)
  20 naga warriors
  3 tengu warriors
  16 naga sharpshooters
  A shock serpent (Snake:3)
  8 skysharks
  9 salamander mystics
  15 sea snakes
  2 deep trolls (Orc:2)
  11 wizards (D:14)
  Pikel (D:8)
  An orange crystal statue (IceCv)
  An orc knight (Orc:2)
  25 harpies
  A necromancer (D:14)
  2 deep elf pyromancers
  13 mana vipers
  4 lindwurms
  28 ugly things
  10 naga ritualists
  14 cyclopes
  21 salamanders
  9 manticores
  43 black mambas
  6 fauns
  8 merfolk sirens
  4 guardian serpents (Snake:4)
  9 elephants
  Joseph (D:7)
  8 water nymphs
  20 naga magi
  5 storm dragon simulacra (IceCv)
  A gargoyle (D:12)
  5 rime drakes
  2 unseen horrors (D:12)
  Psyche (D:10)
  8 cane toads
  A tengu conjurer (D:15)
  11 komodo dragons
  5 golden dragon simulacra (IceCv)
  2 freezing wraiths (Snake:4)
  An efreet (D:14)
  11 merfolk
  3 polar bears
  10 trolls
  5 wind drakes
  23 blink frogs
  16 dream sheep
  A wolf spider simulacrum (D:15)
  10 snapping turtles
  7 slime creatures
  A jumping spider (shapeshifter) (D:15)
  Sigmund (D:5)
  6 water elementals
  30 yaks
  7 wyverns
  2 hogs (Shoals:1)
  5 wraiths (D:14)
  5 fire elementals (Snake:2)
  Grum (D:8)
  18 humans (D:14)
  13 vampire mosquitoes
  8 basilisks
  A steam dragon (Lair:5)
  A redback (shapeshifter) (D:15)
  Menkaure (D:5)
  A warg (Orc:2)
  67 nagas
  2 acid dragons (D:12)
  13 water moccasins
  2 hell hounds (Snake:2)
  3 sky beasts
  18 orc warriors
  Duvessa (D:7)
  2 ice beasts
  4 black bears
  10 wolves
  5 ice dragon simulacra (IceCv)
  23 ogres
  20 centaurs
  4 phantoms
  4 lemures (D:8)
  4 kobold brigands
  14 bullfrogs
  2 scorpions
  A gnoll sergeant (D:11)
  8 wights
  Dowan (D:7)
  5 lindwurm simulacra (IceCv)
  8 howler monkeys
  2 electric eels
  A bullfrog zombie (D:4)
  2 quasits (D:6)
  3 jellies
  6 hounds
  A centaur zombie (D:4)
  21 orc priests
  A bullfrog skeleton (D:4)
  2 iguanas
  22 orc wizards
  5 sleepcaps
  3 scorpion zombies (D:4)
  2 hound zombies (D:4)
  9 gnolls
  10 adders
  A shadow imp (D:5)
  3 white imps
  4 ufetubi
  2 adder skeletons (D:4)
  3 adder zombies (D:4)
  4 worms
  2 dart slugs
  79 orcs
  5 ball pythons
  3 endoplasms (D:1)
  A giant cockroach (D:1)
  9 goblins
  6 hobgoblins
  2 jackals (D:3)
  40 kobolds
  A quokka (D:4)
  6 bats
  A frilled lizard (D:2)
  2 quokka zombies (D:4)
  4 rats
  A butterfly (Lair:4)
1118 creatures vanquished.

Vanquished Creatures (collateral kills)
  A merfolk impaler (Shoals:1)
  A centaur warrior (Shoals:2)
  An anaconda (Snake:1)
  A naga warrior (Snake:2)
  2 death yaks
  3 harpies (Shoals:1)
  A manticore (Shoals:3)
  A salamander (Snake:4)
  2 black mambas (Snake:3)
  A wind drake (Shoals:3)
  A yak (D:9)
  5 nagas
  4 orc warriors (Bailey)
  2 centaurs
  A lindwurm simulacrum (IceCv)
  3 orcs (Bailey)
30 creatures vanquished.

Vanquished Creatures (others)
  An ogre mage (Orc:2)
  A mana viper (Snake:2)
  A black mamba (Snake:2)
  2 yaks (D:9)
  3 orc warriors (Bailey)
  12 spectral weapons
20 creatures vanquished.

Grand Total: 1168 creatures vanquished

Table legend: (Time is in decaauts)
 A = Elapsed time spent in this place.
 B = Non-inter-level travel time spent in this place.
 C = Inter-level travel time spent in this place.
 D = Time resting spent in this place.
 E = Time spent auto-exploring this place.
 F = Levels seen in this place.
 G = Mean time per level.
                   A        B        C        D        E       F      G
               +--------+--------+--------+--------+--------+-----+--------+
         Total |  35552 |  32991 |   2561 |   3019 |  21173 |  31 | 1146.8 |
       Dungeon |  17058 |  15651 |   1407 |   1304 |  10389 |  15 | 1137.2 |
          Lair |   7795 |   7354 |    441 |    951 |   4716 |   5 | 1559.0 |
        Shoals |   2994 |   2762 |    232 |     71 |   1998 |   3 |  998.0 |
     Snake Pit |   4938 |   4607 |    331 |    617 |   2566 |   4 | 1234.5 |
  Orcish Mines |   1234 |   1085 |    149 |     42 |    768 |   2 |  617.0 |
        Bailey |   1012 |   1012 |      0 |     28 |    501 |   1 | 1012.0 |
      Ice Cave |    520 |    520 |      0 |      5 |    234 |   1 |  520.0 |
               +--------+--------+--------+--------+--------+-----+--------+

Top non-repeatable levels by time:
  Lair:1: 1944 daAuts
     D:8: 1758 daAuts
 Snake:1: 1745 daAuts
     D:4: 1681 daAuts
  Lair:3: 1555 daAuts
    D:14: 1554 daAuts
  Lair:2: 1480 daAuts
    D:15: 1413 daAuts
  Lair:4: 1411 daAuts
  Lair:5: 1402 daAuts
    D:11: 1176 daAuts
     D:3: 1150 daAuts
     D:1: 1149 daAuts
 Snake:2: 1120 daAuts
 Snake:3: 1066 daAuts

Table legend:
 A = Non-vault XP
 B = Vault XP
 C = Vault XP percentage of total XP
 D = Non-vault monster count
 E = Vault monster count
 F = Vault count percentage of total count
                 A         B        C        D         E       F
            +---------+---------+-------+---------+---------+-------
      Total |  245163 |  123665 |  33.5 |     779 |     367 |  32.0
            +---------+---------+-------+---------+---------+-------
        D:1 |      57 |       0 |   0.0 |      24 |       0 |   0.0
        D:2 |      12 |       9 |  42.9 |       6 |       2 |  25.0
        D:3 |     158 |     103 |  39.5 |      17 |       1 |   5.6
        D:4 |     710 |     642 |  47.5 |      19 |      38 |  66.7
        D:5 |     806 |     458 |  36.2 |      19 |       4 |  17.4
        D:6 |     588 |     453 |  43.5 |      20 |      14 |  41.2
        D:7 |     949 |     665 |  41.2 |      17 |       3 |  15.0
        D:8 |    2368 |    3733 |  61.2 |      21 |      14 |  40.0
        D:9 |    1925 |    1010 |  34.4 |      23 |       7 |  23.3
       D:10 |    1711 |    1644 |  49.0 |      12 |       5 |  29.4
       D:11 |    4379 |       0 |   0.0 |      32 |       0 |   0.0
       D:12 |    6408 |       0 |   0.0 |      27 |       0 |   0.0
       D:13 |    7798 |     906 |  10.4 |      14 |       1 |   6.7
       D:14 |   14062 |   16522 |  54.0 |      32 |      40 |  55.6
       D:15 |   12624 |    4853 |  27.8 |      22 |       9 |  29.0
     Lair:1 |    9400 |     433 |   4.4 |      30 |       1 |   3.2
     Lair:2 |    3801 |    1286 |  25.3 |      13 |       6 |  31.6
     Lair:3 |    7877 |    1310 |  14.3 |      27 |       8 |  22.9
     Lair:4 |    4744 |       0 |   0.0 |      15 |       0 |   0.0
     Lair:5 |   13967 |    7701 |  35.5 |      39 |      23 |  37.1
   Shoals:1 |   21524 |    5836 |  21.3 |      40 |       8 |  16.7
   Shoals:2 |   14917 |    6761 |  31.2 |      30 |      13 |  30.2
   Shoals:3 |   12848 |    5230 |  28.9 |      28 |       5 |  15.2
    Snake:1 |   11640 |    1421 |  10.9 |      26 |       1 |   3.7
    Snake:2 |   20623 |    5013 |  19.6 |      41 |      16 |  28.1
    Snake:3 |   23577 |    9653 |  29.0 |      50 |       8 |  13.8
    Snake:4 |   40466 |   18839 |  31.8 |      87 |      26 |  23.0
      Orc:1 |    1917 |     821 |  30.0 |      19 |       1 |   5.0
      Orc:2 |    3307 |   14474 |  81.4 |      29 |      45 |  60.8
     Bailey |       0 |    2339 | 100.0 |       0 |      40 | 100.0
      IceCv |       0 |   11550 | 100.0 |       0 |      28 | 100.0
            +---------+---------+-------+---------+---------+-------
